 Dungeon Crawl Stone Soup version 0.22.0-2-ge58baed0e8 (webtiles) character file.

928 IceCat the Shield-Bearer (level 8, 0/62 HPs)
             Began as a Formicid Fighter on Aug 13, 2018.
             Slain by a troll (10 damage)
             ... on level 5 of the Dungeon.
             The game lasted 00:12:45 (4106 turns).

IceCat the Shield-Bearer (Formicid Fighter)         Turns: 4106, Time: 00:12:45

Health: 0/62       AC: 11    Str: 23    XL:     8   Next: 32%
Magic:  8/8        EV: 10    Int: 11    God:
Gold:   305        SH: 10    Dex: 10    Spells: 7/7 levels left

rFire    . . .     SeeInvis +   a - +1 trident
rCold    . . .     Gourm    .   c - +0 shield
rNeg     . . .     Faith    .   y - +4 ring mail of Butromub {rElec Slay+3}
rPois    .         Spirit   .   (helmet unavailable)
rElec    +         Reflect  .   (no cloak)
rCorr    .         Harm     .   (no gloves)
MR       .....                  u - +0 pair of boots
Stlth    ..........             (no amulet)
HPRegen  0.20/turn              o - +3 ring of intelligence
MPRegen  0.11/turn              (no ring)

@: no status effects
A: permanent stasis, dig shafts and tunnels, four strong arms, antennae 3
a: Dig, Shaft Self


You were on level 5 of the Dungeon.
You were not hungry.

You visited 1 branch of the dungeon, and saw 5 of its levels.
You also visited: Sewer.

You collected 305 gold pieces.

Inventory:

Hand Weapons
 a - a +1 trident (weapon)
Armour
 b - a +0 scale mail
 c - a +0 shield (worn)
 u - a +0 pair of boots (worn)
 y - the +4 ring mail of Butromub (worn) {rElec Slay+3}
   (You found it on level 5 of the Dungeon)

   It affects your accuracy and damage with ranged weapons and melee attacks
   (+3).
   It insulates you from electricity.
Jewellery
 k - an uncursed ring of poison resistance {unknown}
 o - a +3 ring of intelligence (left hand)
Scrolls
 e - 2 scrolls of teleportation {unknown}
 g - 4 scrolls of random uselessness {unknown}
 j - 2 scrolls of fog {unknown}
 m - 3 scrolls of identify {unknown}
 n - a scroll of enchant weapon
 p - a scroll of amnesia
 r - a scroll of immolation {unknown}
 s - 2 scrolls of remove curse {unknown}
 w - 2 scrolls of magic mapping
Potions
 d - a potion of berserk rage {unknown}
 h - 2 potions of lignification {unknown}
 i - a potion of resistance {unknown}
 l - a potion of heal wounds {unknown}
 q - 3 potions of curing {unknown}
 t - a potion of invisibility {unknown}
 v - a potion of mutation {unknown}
 x - a potion of cancellation {unknown}
Comestibles
 f - 9 rations


   Skills:
 + Level 5.0 Fighting
 * Level 5.5 Polearms
 + Level 5.3 Armour
 + Level 2.4 Dodging
 - Level 0.1 Stealth
 * Level 6.1 Shields


You had 7 spell levels left.
You didn't know any spells.
Your spell library was empty.

Dungeon Overview and Level Annotations

Branches:
Dungeon (5/15)
 Temple: D:4-7

Altars:

Shops:
D:5 *


Innate Abilities, Weirdness & Mutations

You cannot be hasted, slowed, berserked, paralysed or teleported.
You can dig through walls and to a lower floor.
Your four strong arms can wield two-handed weapons with a shield.
You have a pair of large antennae on your head. (SInv)


Message History

The troll is moderately wounded.
The troll barely misses you. You block the troll's attack.
The troll claws you but does no damage.
You closely miss the troll.
The troll is moderately wounded.
The troll bites you. The troll barely misses you. x2
You hit the troll.
The troll is moderately wounded.
The troll bites you. The troll claws you!
The troll claws you but does no damage.
You puncture the troll!
The troll is severely wounded.
The troll bites you! The troll claws you! The troll claws you.
You are too injured to fight recklessly!
You hit the troll.
The troll is severely wounded.
The troll bites you! The troll claws you!
* * * LOW HITPOINT WARNING * * *
The troll claws you!
You die...

### .. #..... ..#
#.##.. # ...
#.##.# ..### ...
#.##.####... ...
#T##......# {...
#@##..#...# ...
#.##......### ##.
#..........)...###
+.....###.####.###
#####....>........
#####'##.###.#.##.
#.....<†.###.####.
#.....†.###.......
#.......# #...#.##


You could see a troll.

Vanquished Creatures
  Purgy (Sewer)
  A sky beast (D:5)
  An ogre (D:4)
  A phantom (D:4)
  An eye of draining (D:4)
  A crimson imp (D:5)
  A hound (D:4)
  An orc priest (D:3)
  A bullfrog skeleton (D:5)
  An iguana (D:4)
  Jessica (D:2)
  Terence (D:3)
  3 worker ants
  7 adders
  A shadow imp (D:4)
  2 oozes
  An adder skeleton (D:4)
  3 worms
  3 dart slugs
  4 leopard geckos
  6 orcs
  3 ball pythons
  7 giant cockroaches
  8 goblins
  8 hobgoblins
  7 jackals
  2 quokkas
  12 bats
  13 frilled lizards
  7 kobolds
  10 rats
119 creatures vanquished.

Notes
Turn   | Place    | Note
-------+----------+-------------------------------------------
     0 | D:1      | IceCat the Formicid Fighter began the quest for the Orb.
     0 | D:1      | Reached XP level 1. HP: 18/18 MP: 1/1
    67 | D:1      | Reached XP level 2. HP: 24/24 MP: 2/2
   267 | D:1      | Reached skill level 4 in Shields
   267 | D:1      | Reached XP level 3. HP: 29/29 MP: 3/3
   956 | D:2      | Found a faded altar of an unknown god.
  1097 | D:2      | Reached XP level 4. HP: 37/37 MP: 4/4
  1211 | D:2      | Noticed Jessica
  1223 | D:2      | Killed Jessica
  1719 | D:3      | Noticed Terence
  1729 | D:3      | Killed Terence
  1729 | D:3      | Reached XP level 5. HP: 25/42 MP: 5/5
  2599 | D:4      | Noticed an ogre
  2608 | D:4      | Killed an ogre
  2608 | D:4      | Reached skill level 1 in Dodging
  2608 | D:4      | Reached skill level 5 in Shields
  2608 | D:4      | Reached XP level 6. HP: 42/48 MP: 6/6
  2728 | D:4      | Found a glowing drain.
  2745 | Sewer    | Entered a sewer
  2791 | Sewer    | Noticed Purgy
  2825 | Sewer    | Killed Purgy
  2825 | Sewer    | Reached XP level 7. HP: 27/55 MP: 7/7
  3341 | D:4      | Reached skill level 5 in Polearms
  3341 | D:4      | Reached skill level 5 in Armour
  3677 | D:5      | Entered Level 5 of the Dungeon
  3688 | D:5      | Got a polished ring mail
  3702 | D:5      | Identified the +4 ring mail of Butromub {rElec Slay+3} (You found it on level 5 of the Dungeon)
  3707 | D:5      | Reached XP level 8. HP: 61/61 MP: 8/8
  3822 | D:5      | Found Tukepp's Assorted Antiques.
  3833 | D:5      | Reached skill level 5 in Fighting
  3833 | D:5      | Reached skill level 6 in Shields
  4098 | D:5      | Noticed a troll
  4106 | D:5      | Slain by a troll

Skill      XL: |  1  2  3  4  5  6  7  8 |
---------------+-------------------------+-----
Shields        | 4 5 6 |  6.1
Polearms       | 3 4 5 |  5.5
Armour         | 4 5 |  5.3
Fighting       | 4 5 |  5.0
Dodging        | 1 2 |  2.4
Stealth        | |  0.1

Action                   |  1- 3 |  4- 6 |  7- 9 || total
-------------------------+-------+-------+-------++-------
Melee: Trident           |   112 |   227 |   138 ||   477
 Abil: Dig               |     1 |     1 |     1 ||     3
  Use: Scroll            |       |     3 |       ||     3
       Potion            |       |     1 |       ||     1
  Eat: Chunk             |     1 |     6 |     4 ||    11
Armor: Scale mail        |    51 |   101 |    16 ||   168
       Ring mail         |       |       |    15 ||    15
Dodge: Dodged            |    35 |   109 |    40 ||   184
Block: Shield            |    64 |   130 |    48 ||   242
